 Seeded DCSS version 0.29-a0-96-g93358da72b (webtiles) character file.

Game seed: 7097657049187238752 (custom seed)

66 innerfire433 the Skirmisher (level 3, 0/30 HPs)
             Began as a Demonspawn Monk on Feb 12, 2022.
             Killed by nerve-wracking pain
             ... invoked by Grinder
              (9 damage)
             ... while paralysed by Grinder
             ... on level 3 of the Dungeon.
             The game lasted 00:02:51 (1887 turns).

innerfire433 the Skirmisher (Demonspawn Monk)       Turns: 1887, Time: 00:02:52

Health: 0/30       AC: 11    Str: 13    XL:     3   Next: 96%
Magic:  3/3        EV:  2    Int: 11    God:
Gold:   88         SH:  0    Dex: 15    Spells: 2/2 levels left

rFire   . . .      SeeInvis .   a - +0 mace
rCold   . . .      Faith    .   (no shield)
rNeg    . . .      Spirit   .   c - +0 plate armour
rPois   .          Reflect  .   (no helmet)
rElec   .          Harm     .   (no cloak)
rCorr   .          Rampage  .   (no gloves)
Will    .....                   (no boots)
Stlth   ..........              f - amulet of regeneration
HPRegen 0.90/turn               d - +4 ring of evasion
MPRegen 0.08/turn               (no ring)

@: paralysed
A: rugged brown scales 1, demonic touch 1
a: no special abilities


You were on level 3 of the Dungeon.
You visited 1 branch of the dungeon, and saw 3 of its levels.

You collected 88 gold pieces.

Inventory:

Hand Weapons
 a - a +0 mace (weapon)
Armour
 b - a +1 robe
 c - a +0 plate armour (worn)
Jewellery
 d - a +4 ring of evasion (left hand)
 f - an amulet of regeneration (around neck)
Scrolls
 l - a scroll of identify
Potions
 g - a potion of flight
 h - a potion of ambrosia
 j - a potion of invisibility {unknown}
 k - a potion of haste {unknown}


   Skills:
 + Level 3.7 Fighting
 + Level 3.3 Maces & Flails
 + Level 3.3 Dodging
 - Level 2.0 Stealth


You had 2 spell levels left.
You didn't know any spells.
Your spell library contained the following spells:

 Spells                   Type           Power      Damage    Failure   Level
 Conjure Flame            Conj/Fire      0%         6-21      100%        3
 Ignite Poison            Fire/Tmut/Pois 0%         N/A       100%        3
 Sticky Flame             Conj/Fire      0%         2d3       100%        4


Dungeon Overview and Level Annotations

Branches:
Dungeon (3/15)

Altars:
Zin

Shops:
D:1 !

Annotations:
D:3 Grinder


Innate Abilities, Weirdness & Mutations

You are partially covered in rugged brown scales. (AC +1, +3% HP)
Your touch may inflict minor irresistible damage on your foes.


Message History

Grinder hits you!
* * * LOW HITPOINT WARNING * * *
You writhe in agony.
* * * LOW HITPOINT WARNING * * *
The goblin hits you but does no damage.
Grinder blinks!
You closely miss the goblin.
The goblin is almost dead.
The goblin hits you with a +0 club.
* * * LOW HITPOINT WARNING * * *
You sock the goblin!
You kill the goblin!
Things that are here:
a +0 club; a goblin corpse Grinder gestures at you.
You suddenly lose the ability to move!
Grinder blinks! x2
You can move again.
You see here a rat corpse.
Grinder gestures at you. Pain shoots through your body! Grinder hits you.
You writhe in agony.
You see here a rat corpse.
You barely miss Grinder.
Grinder is heavily wounded.
Grinder gestures at you.
You barely resist. You closely miss Grinder.
Grinder is heavily wounded.
Grinder gestures at you.
You barely resist. You hit Grinder.
Grinder is heavily wounded.
Grinder gestures at you.
You suddenly lose the ability to move!
Grinder hits you!
You writhe in agony.
* * * LOW HITPOINT WARNING * * *
Grinder says, "Don't move a muscle."
Grinder gestures at you. Pain shoots through your body!
You die...

#.....P...# #..####...#
#..#..#...# #..#..#...#
******#### #..##'#...#
*,,,,,,..# ##........##***
*,*#####.#####.............#
*,*#...#.#.##.....#.#.####.#
*,*#.#....5@........#.# *,*
**#.##...#.#.####.#.###.#***,*
*,........)### #.##...##*,,,*
*,#........# #.#*##..,,,,,,
*,#####.#.## *#+#* *.##*,**,
*,* *...#5# **,,,***,* *,**,
*,**#.#*#.# **,,,,,**,* *,**,
*,,...,,..# **,,,,,,,*,* *,,,,
**###,,,.##**,,,,,,,,,,***,,,,


You could see Grinder.

Vanquished Creatures
  Terence (D:2)
  An adder (D:2)
  2 worms (D:2)
  3 ball pythons (D:1)
  An endoplasm (D:1)
  2 giant cockroaches
  4 goblins
  3 hobgoblins
  2 quokkas
  4 bats
  A frilled lizard (D:1)
  A kobold (D:1)
  2 rats
27 creatures vanquished.

Notes
Turn   | Place    | Note
-------+----------+-------------------------------------------
     0 | D:1      | innerfire433 the Demonspawn Monk began the quest for the
                  | Orb.
     0 | D:1      | Reached XP level 1. HP: 18/18 MP: 1/1
   211 | D:1      | Gained mutation: Your touch may inflict minor irresistible
                  | damage on your foes. [demonic ancestry]
   211 | D:1      | Reached XP level 2. HP: 22/24 MP: 2/2
   632 | D:1      | Found Gidunis's Distillery.
  1265 | D:2      | Gained mutation: You are partially covered in rugged brown
                  | scales. (AC +1, +3% HP) [demonic ancestry]
  1265 | D:2      | Reached XP level 3. HP: 24/29 MP: 3/3
  1394 | D:2      | Noticed Terence
  1407 | D:2      | Killed Terence
  1836 | D:3      | Noticed Grinder
  1866 | D:3      | HP: 1/30 [goblin (3)]
  1869 | D:3      | Paralysed by Grinder for 4 turns
  1885 | D:3      | Paralysed by Grinder for 4 turns
  1887 | D:3      | Killed from afar by Grinder

Illustrated notes

Levels and vault maps discovered:
D:1:      nzn_arrival_settlement, layout_basic, serial_shops, shop, hex_large,
          minmay_misc_feat_enclosed
D:2:      layout_basic, basic_altar, uniq_terence
D:3:      layout_loops_corners, corexii_shack, uniq_grinder

Skill      XL: |  1  2 |
---------------+-------+-----
Stealth        | 2 |  2.0
Dodging        | 3 |  3.3
Maces & Flails | 3 |  3.3
Fighting       | |  3.7

Action                   || total
-------------------------++-------
Melee: Mace              ||    93
       Touch             ||    17
  Use: Scroll            ||     4
       Potion            ||     2
 Stab: Sleeping          ||     2
Armor: Robe              ||     8
       Plate armour      ||    41
Dodge: Dodged            ||    58

Table legend: (Time is in decaauts)
 A = Elapsed time spent in this place.
 B = Non-inter-level travel time spent in this place.
 C = Inter-level travel time spent in this place.
 D = Time resting spent in this place.
 E = Time spent auto-exploring this place.
 F = Levels seen in this place.
 G = Mean time per level.
                   A        B        C        D        E       F      G
               +--------+--------+--------+--------+--------+-----+--------+
         Total |   1909 |   1814 |     95 |      0 |   1500 |   3 |  636.3 |
       Dungeon |   1909 |   1814 |     95 |      0 |   1500 |   3 |  636.3 |
               +--------+--------+--------+--------+--------+-----+--------+

Top non-repeatable levels by time:
     D:1: 1076 daAuts
     D:2: 695 daAuts
     D:3: 137 daAuts
